 Dungeon Crawl Stone Soup version 0.25.0-11-g1f837a76a1 (webtiles) character file.

Game seed: 5009694305833524684

1757 Lavandula the Bolt Thrower (level 9, -5/70 HPs)
             Began as a Naga Arcane Marksman on June 24, 2020.
             Slain by an ogre
             ... wielding a +0 giant spiked club
              (14 damage)
             ... on level 7 of the Dungeon.
             The game lasted 00:23:20 (6929 turns).

Lavandula the Bolt Thrower (Naga Arcane Marksman)   Turns: 6929, Time: 00:23:21

Health: -5/70      AC:  7    Str: 14    XL:     9   Next: 6%
Magic:  10/15      EV: 11    Int: 16    God:
Gold:   330        SH:  0    Dex: 11    Spells: 8/16 levels left

rFire    . . .     SeeInvis +   a - +0 hand crossbow
rCold    . . .     Gourm    .   (no shield)
rNeg     . . .     Faith    .   s - +2 robe {MR+}
rPois    +         Spirit   .   (no helmet)
rElec    .         Reflect  .   (no cloak)
rCorr    +         Harm     .   j - +0 pair of gloves
MR       ++...                  (no barding)
Stlth    +.........             (no amulet)
HPRegen  0.21/turn              o - ring of resist corrosion
MPRegen  0.14/turn              (no ring)

@: short of breath, very slow
A: large, see invisible, deformed body, poison resistance, slowness 2, slow
metabolism 1, spit poison 1, AC +3
a: Spit Poison


You were on level 7 of the Dungeon.
You were not hungry.

You visited 2 branches of the dungeon, and saw 8 of its levels.

You collected 330 gold pieces.

Inventory:

Hand Weapons
 a - a +0 hand crossbow (weapon)
 g - a +0 short sword
 n - a +0 rapier of speed
 t - a +1 dagger of venom
Missiles
 d - 8 bolts (quivered)
 e - 7 boomerangs
 q - 28 poisoned darts
Armour
 j - a +0 pair of gloves (worn)
 s - a +2 robe of magic resistance (worn)
Jewellery
 o - a ring of resist corrosion (left hand)
 v - an uncursed amulet of guardian spirit
Wands
 p - a wand of digging (9)
 u - a wand of iceblast (22)
Scrolls
 c - 3 scrolls of remove curse
 h - a scroll of enchant weapon
 i - a scroll of fog {unknown}
 k - a scroll of blinking {unknown}
 l - a scroll of silence
 r - a scroll of enchant armour {unknown}
 x - a scroll of random uselessness {unknown}
 y - 2 scrolls of identify
Potions
 b - a potion of resistance {unknown}
 m - a potion of flight
 w - a potion of curing
 z - a potion of mutation {unknown}
 A - a potion of stabbing {unknown}
Comestibles
 f - 9 rations


   Skills:
 - Level 1.0 Fighting
 - Level 6.2 Short Blades
 - Level 6.2 Crossbows
 - Level 3.6 Dodging
 + Level 4.2 Spellcasting
 - Level 3.9 Hexes


You had 8 spell levels left.
You knew the following spells:

 Your Spells              Type           Power        Failure   Level  Hunger
a - Corona                Hex            ###....      3%          1    None
b - Portal Projectile     Hex/Tloc       #.....       22%         3    ###....
c - Cause Fear            Hex            ###.......   32%         4    ####...

Your spell library contained the following spells:

 Spells                   Type           Power        Failure   Level  Hunger
 Slow                     Hex            ###.....     4%          2    ##.....
 Freeze                   Ice            #...         17%         1    None
 Inner Flame              Hex/Fire       #.......     22%         3    ###....
 Frozen Ramparts          Ice            #.....       45%         3    ###....
 Ozocubu's Armour         Chrm/Ice       #.......     45%         3    ###....
 Leda's Liquefaction      Hex/Erth       #.........   58%         4    ####...
 Hailstorm                Conj/Ice       #.......     86%         4    ####...
 Summon Ice Beast         Ice/Summ       #.......     86%         4    ####...


Dungeon Overview and Level Annotations

Branches:
Dungeon (7/15)             Temple (1/1) D:6

Altars:
Ashenzari
Cheibriados
Fedhas
Hepliaklqana
Kikubaaqudgha
Makhleb
Nemelex Xobeh
Okawaru
Qazlal
Ru
Sif Muna
Trog
Uskayaw
Vehumet
Wu Jian
Xom
Yredelemnul
Zin
The Shining One

Shops:
D:5 [

Annotations:
D:1 1 runed translucent door
D:4 Dowan, Duvessa


Innate Abilities, Weirdness & Mutations

You cannot wear boots.
Your serpentine skin is tough. (AC +3)
You have supernaturally acute eyesight. (SInv)
Armour fits poorly on your strangely shaped body.
Your system is resistant to poisons. (rPois)
You cover ground very slowly.
You have a slow metabolism.
You can spit poison.


Message History

You magically shoot a bolt.
The bolt barely misses the ogre.
You are no longer teleporting projectiles to their destination.
Firing (i - inventory. (/) - cycle)
d - 10 bolts (quivered)
Press: ? - help, Shift-Dir - straight line, f/p - ogre
Aim: an ogre, wielding a +0 giant spiked club (severely wounded)
You shoot a bolt. The bolt hits the ogre.
The ogre is severely wounded.
The ogre hits you with a +0 giant spiked club!!
Firing (i - inventory. (/) - cycle)
d - 9 bolts (quivered)
Press: ? - help, Shift-Dir - straight line, f/p - ogre
Aim: an ogre, wielding a +0 giant spiked club (severely wounded)
You shoot a bolt. The bolt closely misses the ogre.
You have got your breath back.
The ogre hits you with a +0 giant spiked club!!
* * * LOW HITPOINT WARNING * * *
Press: ? - help, Shift-Dir - straight line, f/p - ogre
Aim: an ogre, wielding a +0 giant spiked club (severely wounded)
The splash of poison misses the ogre.
You feel slightly more hungry.
The ogre hits you with a +0 giant spiked club!
You die...

##########....รท.##..##.##
.. . #.......#.....(... .>
#.....#[#(.#...#. ...
#.....#....#.... ....
#........<>##.(##.....
#.....##...# #(.......
#.....###..###.#..$...
#.....###..##.........
#......@O.....(....###
#....####.....####....
#...##......### ### ...##
#.###..# #.## .. #### #.
##


You could see an ogre.

Vanquished Creatures
  Sigmund (D:3)
  A phantom (D:6)
  2 ogres
  3 centaurs (D:6)
  A bullfrog (D:6)
  A scorpion (D:4)
  A centaur zombie (D:6)
  3 crimson imps
  A hound (D:4)
  An orc priest (D:7)
  A centaur skeleton (D:4)
  A gnoll shaman (D:6)
  7 orc wizards
  10 worker ants
  A hound zombie (D:5)
  8 gnolls
  7 adders
  A howler monkey skeleton (D:6)
  A shadow imp (D:5)
  A worm (D:5)
  4 dart slugs
  3 leopard geckos
  19 orcs
  5 bats
  8 giant cockroaches
  7 goblins
  11 hobgoblins
  12 jackals
  5 quokkas
  2 ball pythons
  4 frilled lizards
  8 kobolds
  A leopard gecko skeleton (D:6)
  A leopard gecko zombie (D:6)
  8 rats
151 creatures vanquished.

Notes
Turn   | Place    | Note
-------+----------+-------------------------------------------
     0 | D:1      | Lavandula the Naga Arcane Marksman began the quest for the
                  | Orb.
     0 | D:1      | Reached XP level 1. HP: 18/18 MP: 2/2
     1 | D:1      | Found a runed translucent door.
    51 | D:1      | Reached XP level 2. HP: 11/25 MP: 3/3
   586 | D:2      | Reached XP level 3. HP: 31/31 MP: 1/4
   591 | D:2      | Learned a level 3 spell: Portal Projectile
  1101 | D:3      | Noticed Sigmund
  1202 | D:3      | Reached XP level 4. HP: 17/38 MP: 5/5
  1316 | D:2      | Found a glowing golden altar of the Shining One.
  1316 | D:2      | Found an ornate altar of the Wu Jian Council.
  1319 | D:2      | Found a shimmering blue altar of Sif Muna.
  1704 | D:3      | Reached XP level 5. HP: 43/44 MP: 3/6
  1918 | D:3      | Killed Sigmund
  1918 | D:3      | Reached XP level 6. HP: 10/51 MP: 7/7
  2273 | D:4      | Reached skill level 1 in Short Blades
  2300 | D:4      | Reached XP level 7. HP: 57/57 MP: 3/8
  2354 | D:4      | Noticed Duvessa
  2354 | D:4      | Noticed Dowan
  2395 | D:5      | Entered Level 5 of the Dungeon
  2969 | D:5      | Found Lamakh's Antique Armour Shoppe.
  4024 | D:4      | Reached XP level 8. HP: 52/64 MP: 9/9
  4719 | D:6      | Reached skill level 5 in Short Blades
  5008 | D:6      | Found a staircase to the Ecumenical Temple.
  5420 | D:6      | Learned a level 4 spell: Cause Fear
  5502 | D:6      | Found a shimmering altar of Xom.
  5503 | D:6      | Found a hazy altar of Hepliaklqana.
  5503 | D:6      | Noticed a torpor snail
  5504 | D:6      | Noticed a spectral ugly thing
  5608 | Temple   | Entered the Ecumenical Temple
  6481 | D:6      | Reached XP level 9. HP: 70/70 MP: 12/14
  6929 | D:7      | Slain by an ogre

Illustrated notes

Levels and vault maps discovered:
D:1:      dpeg_arrival_caged_fury, layout_basic
D:2:      layout_basic, nicolae_overflow_hidden_temple
D:3:      layout_loops_ring, uniq_sigmund
D:4:      layout_loops_corners, uniq_duvessa
D:5:      layout_loops_corners, serial_shops, shop, first_ration,
          minmay_misc_feat_encased
D:6:      layout_loops_corners, regret_index_temple_of_mockery,
          minmay_temple_entry_tees, corner_web_ring
D:7:      layout_rooms
Temple:   nicolae_temple_great_sept

Skill      XL: |  1  2  3  4  5  6  7  8  9 |
---------------+----------------------------+-----
Crossbows      | 2 3 4 6 |  6.2
Short Blades   | 2 3 6 |  6.2
Dodging        | 3 |  3.6
Spellcasting   | 3 4 |  4.2
Fighting       | |  1.0
Hexes          | |  3.9

Action                   |  1- 3 |  4- 6 |  7- 9 || total
-------------------------+-------+-------+-------++-------
Melee: Rapier            |       |     6 |    64 ||    70
       Dagger            |       |       |   116 ||   116
 Fire: Hand crossbow     |    74 |    82 |   121 ||   277
 Cast: Corona            |     9 |    14 |    12 ||    35
       Portal Projectile |       |       |     3 ||     3
       Cause Fear        |       |       |     3 ||     3
 Abil: Spit Poison       |    21 |    19 |    53 ||    93
Evoke: Wand              |       |       |     1 ||     1
  Use: Scroll            |     1 |     1 |     9 ||    11
       Potion            |       |     1 |     4 ||     5
 Stab: Sleeping          |       |       |     2 ||     2
  Eat: Chunk             |     1 |     5 |    13 ||    19
       Ration            |       |       |     1 ||     1
Armor: Robe              |     5 |     9 |    91 ||   105
Dodge: Dodged            |    30 |    30 |   167 ||   227
